 Dungeon Crawl Stone Soup version 0.31.0-12-g77e489cdc1 (webtiles) character file.

Game seed: 14535037600388824635

29 lordive the Ruffian (level 3, -1/26 HPs)
             Began as a Demonspawn Shapeshifter on Feb 29, 2024.
             Slain by Sigmund
             ... wielding a +0 scythe
              (10 damage)
             ... on level 1 of the Dungeon.
             The game lasted 00:02:03 (1076 turns).

lordive the Ruffian (Demonspawn Shapeshifter)       Turns: 1076, Time: 00:02:04

Health: -1/26      AC:  2    Str: 14    XL:     3   Next: 1%
Magic:  3/3        EV: 12    Int: 12    God:
Gold:   49         SH:  0    Dex: 12    Spells: 2/2 levels left

rFire   . .          .
                       - Unarmed
rCold   . . .        (no shield)
rNeg    . . .        a - +0 animal skin
rPois   .            (helmet currently unavailable)
rElec   .            (cloak currently unavailable)
rCorr   .            (gloves currently unavailable)
SInv    .            (boots currently unavailable)
Will    .....        (no amulet)
Stlth   +            (no ring)
HPRegen 0.24/turn    (no ring)
MPRegen 0.08/turn

%: no passive effects
@: beast-form
A: beast (slay +1), demonic touch 1
a: Begin Untransformation


You were on level 1 of the Dungeon.
You were a hulking beast.
You visited 1 branch of the dungeon, and saw 2 of its levels.

You collected 49 gold pieces.

Inventory:

Missiles
 e - a throwing net (quivered)
Armour
 a - a +0 animal skin (worn)
Talismans
 c - a beast talisman
 d - a flux talisman
Scrolls
 f - a scroll of poison {unknown}
 g - 2 scrolls of teleportation {unknown}
 h - a scroll of immolation {unknown}
 i - a scroll of identify {unknown}
Potions
 b - a potion of lignification
 j - a potion of berserk rage {unknown}


   Skills:
 + Level 1.0 Fighting
 + Level 1.8 Dodging
 + Level 3.2 Unarmed Combat
 + Level 3.2 Shapeshifting


You had 2 spell levels left.
You didn't know any spells.
Your spell library was empty.

Dungeon Overview and Level Annotations

Branches:
Dungeon (2/15)

Altars:

Annotations:
D:1 Sigmund


Innate Abilities, Weirdness & Mutations

You are a hulking beast.
Your limbs bulge with bestial killing power. (Slay +1)
Your touch may inflict minor irresistible damage on your foes.


Message History

There is a stone staircase leading up here.
There are monsters nearby!
There are monsters nearby!
There are monsters nearby!
There are monsters nearby!
You hit Sigmund.
You touch Sigmund!
Sigmund is heavily wounded.
The hobgoblin hits you but does no damage.
The rat misses you.
You hit Sigmund but do no damage.
Sigmund is heavily wounded.
Sigmund gestures at you while chanting.
You are confused.
The hobgoblin hits you. The rat barely misses you.
You are too confused!
You are too confused!
You are too confused!
Sigmund flickers, as though insubstantial.
Sigmund closely misses you. The rat bites you. The hobgoblin barely misses you.
You climb upwards.
There is a stone staircase leading down here.
You hit Sigmund.
Sigmund is severely wounded.
The rat bites you but does no damage. The hobgoblin closely misses you.
You closely miss Sigmund.
Sigmund is severely wounded.
Sigmund casts a spell at you. The puff of flame misses you.
The rat closely misses you. The hobgoblin hits you.
You bump into the rock wall.
Sigmund barely misses you. The rat bites you. The hobgoblin hits you.
Sigmund barely misses you. The rat bites you. The hobgoblin barely misses you.
You bump into the rock wall.
You feel less confused. The rat bites you. The hobgoblin barely misses you.
Sigmund says, "Look into my eyes."
The rat attacks as it pursues you! The rat barely misses you.
Sigmund hits you from afar with a +0 scythe!
You die...
Sigmund begins carving another notch in his scythe.

#.#######.#
##########'#.....#.#
#............###.#.#
#............# #.#.#
#.(..........# #.#.#
#......).....# #.#.#
#............###.#g#
.................r@##########
.............#.#h#).........#
#'#######.##.#.#.#.########.#
.....# #.##.#.#.#.# #.#
.)...## #....#.#...# #.#
......# ####.#.#.#.# #.#
......### #.#.#.#.# #.#
........# #.#.#.#.# #.#
........# #.#.#.#.# #.#
........# #.#.#.#.# ######.#


You could see Sigmund, a hobgoblin and a rat.

Vanquished Creatures
  A dart slug (D:1)
  3 ball pythons (D:1)
  4 bats (D:1)
  An endoplasm (D:1)
  3 goblins (D:1)
  A hobgoblin (D:1)
  2 jackals (D:1)
  A kobold (D:1)
  2 quokkas (D:1)
  3 frilled lizards (D:1)
  4 rats (D:1)
25 creatures vanquished.

Notes
Turn   | Place    | Note
-------+----------+-------------------------------------------
     0 | D:1      | lordive the Demonspawn Shapeshifter began the quest for the
                  | Orb.
     0 | D:1      | Reached XP level 1. HP: 15/15 MP: 1/1
   252 | D:1      | Discovered your monstrous ancestry.
   252 | D:1      | Gained mutation: Your touch may inflict minor irresistible
                  | damage on your foes. [demonic ancestry]
   252 | D:1      | Reached XP level 2. HP: 16/21 MP: 2/2
  1015 | D:2      | Noticed Sigmund
  1026 | D:1      | Reached XP level 3. HP: 16/26 MP: 3/3
  1076 | D:1      | Slain by Sigmund

Illustrated notes

Levels and vault maps discovered:
D:1:      matt_arrival_refuge, layout_basic
D:2:      layout_rooms, uniq_sigmund

Skill      XL: |  1  2 |
---------------+-------+-----
Shapeshifting  | 3 |  3.2
Unarmed Combat | 3 |  3.2
Fighting       | |  1.0
Dodging        | |  1.8

Action                     || total
---------------------------++-------
  Melee: Unarmed           ||    57
         Punch             ||     2
         Touch             ||     6
   Stab: Sleeping          ||     1
 Armour: Animal skin       ||    47
  Dodge: Dodged            ||    46
